 Dungeon Crawl Stone Soup version 0.18.1-48-g4cf74bf (webtiles) character file.

1518 PossumBlood the Fighter (level 8, -8/81 HPs)
             Began as a Minotaur Fighter on Aug 18, 2016.
             Mangled by an ice beast (10 damage)
             ... on level 6 of the Dungeon.
             The game lasted 00:09:35 (4461 turns).

PossumBlood the Fighter (Minotaur Fighter)          Turns: 4461, Time: 00:09:35

Health: -8/81      AC: 13    Str: 22    XL:     8   Next: 54%
Magic:  7/7        EV:  4    Int:  5    God:
Gold:   76         SH:  9    Dex: 11    Spells: 0 memorised, 7 levels left

rFire  . . .     SeeInvis +     a - +0 war axe
rCold  . . .     Gourm    .     m - +0 plate armour
rNeg   . . .     Faith    .     c - +0 shield
rPois  .         Spirit   .     (helmet restricted)
rElec  .         Dismiss  .     (no cloak)
rCorr  .         Reflect  .     (no gloves)
SustAt .         Harm     .     (no boots)
MR     .....                    (no amulet)
Stlth  ..........               (no ring)
                                r - ring of see invisible

@: not resistant to hostile enchantments, extremely unstealthy
A: retaliatory headbutt, horns 2
a: no special abilities


You were on level 6 of the Dungeon.
You were not hungry.

You visited 1 branch of the dungeon, and saw 6 of its levels.

You collected 193 gold pieces.
You spent 117 gold pieces at shops.

Inventory:

Hand Weapons
 a - a +0 war axe (weapon)
Missiles
 w - 5 poisoned tomahawks (quivered)
 y - 13 tomahawks
 z - 5 steel javelins
Armour
 c - a +0 shield (worn)
 m - a +0 plate armour (worn)
Jewellery
 r - a ring of see invisible (left hand)
Wands
 u - a wand of confusion (7/48)
Scrolls
 b - a scroll of amnesia {unknown}
 e - a scroll of enchant armour {unknown}
 h - 2 scrolls of remove curse {unknown}
 j - 3 scrolls of noise {unknown}
 k - 2 scrolls of enchant weapon {unknown}
 o - 2 scrolls of immolation {unknown}
 p - 5 scrolls of identify {unknown}
 q - 2 scrolls of teleportation {unknown}
 x - a scroll of recharging {unknown}
 B - 2 scrolls of blinking {unknown}
 C - a scroll of acquirement {unknown}
 D - a scroll of vulnerability {unknown}
Potions
 d - 2 potions of might
 i - a potion of curing
 s - a potion of resistance {unknown}
 t - a potion of agility {unknown}
 v - a potion of degeneration {unknown}
 A - a potion of cure mutation {unknown}
 F - a potion of lignification {unknown}
 H - a potion of haste {unknown}
Books
 E - a book of Changes

   Spells                             Type                      Level
   a - Beastly Appendage              Transmutation                1
   b - Sticks to Snakes               Transmutation                2
   c - Spider Form                    Transmutation/Poison         3
   d - Ice Form                       Ice/Transmutation            4
   e - Blade Hands                    Transmutation                5
Miscellaneous
 n - a plain deck of defence
Comestibles
 f - 3 bread rations
 g - 4 meat rations
 l - a slice of pizza
 G - a beef jerky


   Skills:
 * Level 10.8 Fighting
 - Level 2.4 Axes
 + Level 8.4 Armour
 - Level 3.6 Shields


You had 7 spell levels left.
You didn't know any spells.

Dungeon Overview and Level Annotations

Branches:
Dungeon (6/15)
 Temple: D:4-7

Altars:
Ashenzari
Dithmenos
Kikubaaqudgha
Nemelex Xobeh
Ru
Trog

Shops:
D:4 *!((=


Innate Abilities, Weirdness & Mutations

You reflexively headbutt those who attack you in melee.
You have a pair of horns on your head.


Message History

You slash the ice beast!
The ice beast is moderately wounded.
You feel sick. The ice beast hits you.
* * * LOW HITPOINT WARNING * * *
The ice beast freezes you.
* * * LOW HITPOINT WARNING * * *
Drink which item? (? for menu, Esc to quit)
You feel better.
The ice beast hits you but does no damage.
Drink which item? (? for menu, Esc to quit)
You feel better. The ice beast hits you.
* * * LOW HITPOINT WARNING * * *
The ice beast freezes you!
* * * LOW HITPOINT WARNING * * *
You slash the ice beast!
The ice beast is severely wounded.
You block the ice beast's attack. The ice beast hits you.
* * * LOW HITPOINT WARNING * * *
The ice beast freezes you!
You die...

##.## ## #
#####..##..#
#####............
###................
##...#.####.######..
............# .
#.####.##### #..#
#@## #.....Y)#
#.#.##... #....
#.##.. .. ##. ## #.
.#


You could see an ice beast.

Vanquished Creatures
  Sigmund (D:3)
  An orc warrior (D:6)
  2 ice beasts (D:5)
  A sky beast (D:5)
  An ogre (D:5)
  A scorpion (D:5)
  A crimson imp (D:5)
  A giant frog zombie (D:6)
  A hound (D:6)
  A gnoll shaman (D:5)
  A jelly (D:5)
  4 orc priests
  A centaur skeleton (D:5)
  7 orc wizards
  2 giant frog skeletons (D:4)
  An iguana (D:5)
  3 worker ants
  A hound skeleton (D:5)
  3 adders
  5 gnolls (D:5)
  A shadow imp (D:6)
  An ooze (D:3)
  An adder skeleton (D:5)
  3 worms
  4 giant geckos
  22 orcs
  7 giant cockroaches
  9 hobgoblins
  3 jackals (D:3)
  6 kobolds
  A quokka (D:2)
  A ball python (D:2)
  6 bats
  7 giant newts
  10 goblins
  A quokka skeleton (D:5)
  10 rats
132 creatures vanquished.

Notes
Turn   | Place    | Note
--------------------------------------------------------------
     0 | D:1      | PossumBlood the Minotaur Fighter began the quest for the Orb.
     0 | D:1      | Reached XP level 1. HP: 19/19 MP: 0/0
   195 | D:1      | Reached skill level 4 in Fighting
   232 | D:1      | Reached XP level 2. HP: 27/27 MP: 1/1
   682 | D:2      | Reached XP level 3. HP: 32/34 MP: 2/2
   698 | D:2      | Found a sparkling altar of Nemelex Xobeh.
   735 | D:2      | Found a faded altar to an unknown god.
   740 | D:2      | Reached skill level 5 in Fighting
  1209 | D:2      | Found a shadowy altar of Dithmenos.
  1328 | D:2      | Reached XP level 4. HP: 42/42 MP: 3/3
  1376 | D:3      | Found a sacrificial altar of Ru.
  1689 | D:3      | Noticed Sigmund
  1704 | D:3      | Killed Sigmund
  1704 | D:3      | Reached skill level 7 in Fighting
  1704 | D:3      | Reached skill level 5 in Armour
  1704 | D:3      | Reached XP level 5. HP: 44/52 MP: 4/4
  1704 | D:3      | Reached XP level 6. HP: 51/60 MP: 5/5
  2351 | D:4      | Found Qeeh's Jewellery Boutique.
  2505 | D:4      | Found Bisek's Weapon Shoppe.
  2516 | D:4      | Reached skill level 8 in Fighting
  2516 | D:4      | Reached XP level 7. HP: 57/68 MP: 6/6
  2561 | D:4      | Found Xitsal's Weapon Boutique.
  2567 | D:4      | Found an ancient bone altar of Kikubaaqudgha.
  2746 | D:4      | Found Keirann's Distillery.
  2750 | D:4      | Bought a potion of curing for 39 gold pieces
  2750 | D:4      | Bought 2 potions of curing for 78 gold pieces
  2864 | D:4      | Found Sitausho's General Store.
  2951 | D:4      | Found a bloodstained altar of Trog.
  3067 | D:5      | Entered Level 5 of the Dungeon
  3384 | D:5      | Found a shattered altar of Ashenzari.
  3418 | D:5      | Reached skill level 9 in Fighting
  3817 | D:5      | Reached XP level 8. HP: 59/78 MP: 7/7
  4082 | D:5      | Reached skill level 10 in Fighting
  4458 | D:6      | HP: 3/81 [ice beast (5)]
  4461 | D:6      | Mangled by an ice beast

Skill      XL: |  1  2  3  4  5  6  7  8 |
---------------+-------------------------+-----
Fighting       | 4 5 7 8 9 10 | 10.8
Armour         | 4 5 6 7 8 |  8.4
Axes           | |  2.4
Shields        | |  3.6

Action                   |  1- 3 |  4- 6 |  7- 9 || total
-------------------------+-------+-------+-------++-------
Melee: War axe           |   135 |   120 |   158 ||   413
       Headbutt          |    16 |    18 |    33 ||    67
  Use: Potion            |       |       |     5 ||     5
  Eat: Bread ration      |     1 |     1 |     1 ||     3
Armor: Scale mail        |    25 |       |       ||    25
       Plate armour      |    61 |   103 |    97 ||   261
Dodge: Dodged            |    33 |    20 |    31 ||    84
Block: Shield            |    80 |    63 |    86 ||   229
